AoeStats
← Caniche

Nomad

508969399Analyzed
2v2 RM · 8d ago on Sep 24, 2026· 30m 29s· 4 players
Game mode
Random Map
Map size
176×176
Population
200
Speed
Normal
Resources
Standard
Victory
Conquest
Starting age
Dark Age
Ending age
Imperial Age
RankedLock teamsTeams togetherTeam positionsShared explorationLock speedFull tech treeHidden civsTurbo modeCheats
Victory
Defeat
🇦🇷 Magyars · Argentina
1538
+13
🇦🇷 Italians · Argentina
1535
+13
🇦🇷 Persians · Argentina
1536
-15
🇦🇷 Mongols · Argentina
1424
-11
[TOX2] satho
3:07 Loom
13:40 Feudal Age
17:33 Castle Age
15:29 Horse Collar
16:13 Double-Bit Axe
19:55 Forging
21:45 Scale Barding Armor
25:36 Iron Casting
[TOX2] Lord Rucci
3:07 Loom
15:14 Feudal Age
22:22 Castle Age
20:46 Fletching
23:52 Bodkin Arrow
26:53 Double-Bit Axe
Caniche
5:12 Loom
11:47 Feudal Age
13:41 Scale Barding Armor
22:10 Castle Age
21:27 Bloodlines
22:31 Gold Mining
23:26 Husbandry
Rodilla de Bronce
3:51 Loom
13:38 Feudal Age
15:04 Town Watch
19:24 Castle Age
18:00 Fletching
19:14 Gold Mining
19:10 Double-Bit Axe
20:32 Fishing Lines
22:46 Bodkin Arrow
Connection lost

Rejoining the realm…

Still unreachable

The connection could not be restored.

Session expired

The server has moved on; the page needs a fresh start.